 Dungeon Crawl Stone Soup version 0.30-a0-341-g682706514a (webtiles) character file.

Game seed: 18353186341062417241

926 Hubris850 the Insei (level 8, -7/56 HPs)
             Began as a Merfolk Gladiator on Nov 2, 2022.
             Mangled by Menkaure (10 damage)
             ... in an ossuary.
             The game lasted 00:14:33 (4023 turns).

Hubris850 the Insei (Merfolk Gladiator)             Turns: 4023, Time: 00:14:33

Health: -7/56      AC: 10    Str: 20    XL:     8   Next: 10%
Magic:  8/8        EV: 13    Int:  9    God:
Gold:   179        SH:  0    Dex: 16    Spells: 7/7 levels left

rFire   . . .      SeeInvis +    q - +6 quarterstaff "Alunoir" {vorpal, Fly rPois rC+ SInv}
rCold   + . .      Faith    .    (shield currently unavailable)
rNeg    . . .      Spirit   .    a - +0 leather armour
rPois   +          Reflect  .    b - +0 helmet
rElec   .          Harm     .    (no cloak)
rCorr   .          Rampage  .    j - +0 pair of gloves
Will    .....                    p - +0 pair of boots
Stlth   +.........               (no amulet)
HPRegen 0.29/turn                x - +6 ring of strength
MPRegen 0.11/turn                i - +4 ring of protection

@: flying
A: (nimble swimmer 2), mertail
a: no special abilities


You were in an ossuary.
You visited 1 branch of the dungeon, and saw 5 of its levels.
You also visited: Sewer and Ossuary.

You collected 179 gold pieces.

Inventory:

Hand Weapons
 q - the +6 quarterstaff "Alunoir" (weapon) {vorpal, Fly rPois rC+ SInv}
   (You found it on level 3 of the Dungeon)

   It inflicts extra damage upon your enemies.
   rC:        It protects you from cold.
   rPois:     It protects you from poison.
   SInv:      It lets you see invisible.
   Fly:       It grants you flight.
 t - the +7 hand axe of Due Proportion {drain, rPois rC+ Str+9 Stlth+}
   (You found it on level 3 of the Dungeon)

   A truly terrible weapon, it drains the life of any living foe it strikes.
   Str:       It affects your strength (+9).
   rC:        It protects you from cold.
   rPois:     It protects you from poison.
   Stlth:     It makes you more stealthy.
Missiles
 c - 3 throwing nets
 d - 4 javelins
 k - 2 boomerangs (quivered)
Armour
 a - a +0 leather armour (worn)
 b - a +0 helmet (worn)
 j - a +0 pair of gloves (worn)
 p - a +0 pair of boots (worn)
Jewellery
 h - a ring of fire
 i - a +4 ring of protection (right hand)
 x - a +6 ring of strength (left hand)
Wands
 A - a wand of acid (11)
Scrolls
 e - a scroll of butterflies
 f - a scroll of brand weapon {unknown}
 n - 2 scrolls of teleportation
 s - 3 scrolls of poison
 v - 3 scrolls of amnesia {unknown}
 w - 2 scrolls of immolation {unknown}
 y - 2 scrolls of enchant weapon {unknown}
Potions
 g - 3 potions of curing
 l - a potion of might
 m - 2 potions of heal wounds {unknown}
 o - 2 potions of invisibility
 r - a potion of magic {unknown}
 u - a potion of berserk rage
 z - a potion of ambrosia {unknown}


   Skills:
 - Level 2.1 Fighting
 - Level 4.0 Staves
 + Level 5.0 Throwing
 - Level 4.0 Dodging
 * Level 7.1 Unarmed Combat


You had 7 spell levels left.
You didn't know any spells.
Your spell library contained the following spells:

 Spells                   Type           Power      Damage    Failure   Level
 Sting                    Tmut/Pois      0%         1d3       43%         1
 Poisonous Vapours        Pois/Air       0%         N/A       58%         2
 Inner Flame              Hex/Fire       0%         N/A       82%         3
 Animate Dead             Necr           0%         N/A       99%         4
 Flame Wave               Conj/Fire      0%         2d4       99%         4
 Olgreb's Toxic Radiance  Pois           0%         N/A       99%         4
 Sticky Flame             Conj/Fire      0%         2d3       99%         4
 Borgnjor's Vile Clutch   Necr/Erth      0%         N/A       100%        5
 Death Channel            Necr           0%         N/A       100%        6


Dungeon Overview and Level Annotations

Branches:
Dungeon (5/15)              Sewer (visited)         Ossuary (1/1)
 Temple: D:4-7

Altars:
The Shining One

Shops:
D:4 =

Annotations:
Ossuary Menkaure


Innate Abilities, Weirdness & Mutations

((You are very nimble when in or above water. (Stealth+, EV+, Speed+++)))
Your lower body shifts to a powerful aquatic tail in water.


Message History

The mummy is lightly damaged.
The mummy misses you.
You sock the mummy!
The mummy is severely damaged.
You sock the mummy!
You destroy the mummy!
You hit the mummy.
The mummy is moderately damaged.
The mummy hits you but does no damage.
You completely miss the mummy.
The mummy is moderately damaged.
You sock the mummy!
You destroy the mummy!
You sock the mummy!
The mummy is heavily damaged.
The mummy hits you but does no damage.
You barely miss the mummy.
The mummy is heavily damaged.
You thump the mummy!
You destroy the mummy!
Menkaure calls on the powers of darkness!
Your body is wracked with pain!
Found five items.
Menkaure hits you! The mummy completely misses you.
There is an open door here.
You are too injured to fight recklessly!
You thump Menkaure!
Menkaure is severely damaged.
Menkaure hits you.
You barely miss Menkaure.
Menkaure is severely damaged.
The mummy hits you but does no damage.
Menkaure gestures at you while chanting.
Pain shoots through your body!
* * * LOW HITPOINT WARNING * * *
You hit Menkaure.
Menkaure is almost destroyed.
The mummy hits you.
* * * LOW HITPOINT WARNING * * *
Menkaure hits you!
You die...

#..#.'....# #....#.'.
#..#.#....#...?!!...#....#.#.
#..'.#....#..!!$!!..#....'.#.
#..########..?$∩$!..########.
#..#.'....#..!?$?!..#....#.'.
#..#.#....#...!?!...#....#.#.
#..'.#....#.........#....'.#.
#..###....#.MM......#....###.
#..#.#######@#############.'.
#..#.#....#....#....#....#.#.
#..'.#....#....#....#....'.#.
#..###....#....#....#....###.
#..#.#....#....#....#....#.'.
#..#.###'####'###'########.#.
#..#...#...#...#...#...#...#.
#..###'###'###'###'###'#####.
#............................


You could see Menkaure and a mummy.

Vanquished Creatures
  Sigmund (D:4)
  An elf zombie (Ossuary)
  A necrophage (D:4)
  4 centaur zombies (Ossuary)
  2 hounds (D:5)
  3 jellies (Sewer)
  An orc priest (D:4)
  An ogre zombie (Ossuary)
  6 mummies
  3 gnolls (D:5)
  5 adders
  2 river rats (Sewer)
  4 adder zombies (Ossuary)
  2 worms
  2 dart slugs
  5 orcs
  11 ball pythons
  21 endoplasms
  8 giant cockroaches
  9 goblins
  4 hobgoblins
  10 kobolds
  5 quokkas
  3 bats
  4 frilled lizards
  4 goblin zombies (Ossuary)
  9 hobgoblin zombies (Ossuary)
  A kobold zombie (Ossuary)
  3 quokka zombies (Ossuary)
  10 rats
  3 rat zombies (Ossuary)
148 creatures vanquished.

Vanquished Creatures (others)
  A fungus (D:5)
1 creature vanquished.

Grand Total: 149 creatures vanquished

Notes
Turn   | Place    | Note
-------+----------+-------------------------------------------
     0 | D:1      | Hubris850 the Merfolk Gladiator began the quest for the
                  | Orb.
     0 | D:1      | Reached XP level 1. HP: 16/16 MP: 1/1
   186 | D:1      | Reached XP level 2. HP: 22/22 MP: 2/2
   493 | D:1      | Reached skill level 4 in Unarmed Combat
   910 | D:1      | Reached XP level 3. HP: 27/27 MP: 3/3
  1204 | D:2      | Found a faded altar of an unknown god.
  1297 | D:2      | Found a glowing golden altar of the Shining One.
  1453 | D:2      | Reached XP level 4. HP: 33/33 MP: 4/4
  1750 | D:3      | Identified the +6 quarterstaff "Alunoir" {vorpal, Fly rPois
                  | rC+ SInv}
  1794 | D:3      | Identified the +7 hand axe of Due Proportion {drain, rPois
                  | rC+ Str+9 Stlth+}
  1919 | D:3      | Reached skill level 5 in Unarmed Combat
  2271 | D:4      | Found a glowing drain.
  2310 | Sewer    | Entered a sewer
  2351 | Sewer    | Reached skill level 1 in Staves
  2351 | Sewer    | Reached XP level 5. HP: 38/38 MP: 5/5
  2505 | Sewer    | Found a viscous altar of Jiyva.
  2575 | Sewer    | Reached XP level 6. HP: 44/44 MP: 6/6
  2624 | D:4      | Noticed Sigmund
  2651 | D:4      | Killed Sigmund
  2787 | D:4      | Found Luofiuf's Jewellery Shop.
  2889 | D:4      | Reached XP level 7. HP: 50/50 MP: 7/7
  3236 | D:4      | Reached skill level 6 in Unarmed Combat
  3316 | D:5      | Entered Level 5 of the Dungeon
  3438 | D:5      | Found a sand-covered staircase.
  3448 | Ossuary  | Entered an ossuary
  3858 | Ossuary  | Reached XP level 8. HP: 54/56 MP: 8/8
  3899 | Ossuary  | Reached skill level 5 in Throwing
  3899 | Ossuary  | Reached skill level 7 in Unarmed Combat
  4004 | Ossuary  | Noticed Menkaure
  4023 | Ossuary  | Mangled by Menkaure

Illustrated notes

Levels and vault maps discovered:
D:1:      matt_arrival_debris, layout_loops_ring, minmay_circled_x
D:2:      layout_rooms, dilly_ecumenical_altar_fadedgnrine, basic_altar,
          palyth_stone_intersect
D:3:      kennysheep_the_goblin_king, layout_basic
D:4:      layout_basic, serial_shops, shop_fountains,
          cheibrodos_sewer_entry_drain, uniq_sigmund
D:5:      layout_loops_ring, minmay_temple_entry_arrows,
          gup_ossuary_entry_pyramid, kennysheep_nub, dreamdust_gnoll_farm,
          uniq_duvessa
Ossuary:  ossuary_boxes_badplayer

Skill      XL: |  1  2  3  4  5  6  7  8 |
---------------+-------------------------+-----
Unarmed Combat | 4 5 6 7 |  7.1
Throwing       | 3 4 5 |  5.0
Staves         | 1 2 3 4 |  4.0
Fighting       | |  2.1
Dodging        | |  4.0

Action                   |  1- 3 |  4- 6 |  7- 9 || total
-------------------------+-------+-------+-------++-------
Melee: Unarmed           |   111 |    57 |       ||   168
       Punch             |     6 |     3 |       ||     9
       Quarterstaff      |       |   101 |   135 ||   236
Throw: Boomerang         |     4 |     9 |       ||    13
       Javelin           |       |     1 |       ||     1
  Use: Scroll            |       |    10 |       ||    10
       Potion            |       |     1 |       ||     1
 Stab: Sleeping          |       |     3 |     1 ||     4
Armor: Leather armour    |    21 |    47 |    41 ||   109
Dodge: Dodged            |    68 |   100 |    73 ||   241

Table legend: (Time is in decaauts)
 A = Elapsed time spent in this place.
 B = Non-inter-level travel time spent in this place.
 C = Inter-level travel time spent in this place.
 D = Time resting spent in this place.
 E = Time spent auto-exploring this place.
 F = Levels seen in this place.
 G = Mean time per level.
                   A        B        C        D        E       F      G
               +--------+--------+--------+--------+--------+-----+--------+
         Total |   4011 |   3903 |    108 |    146 |   2287 |   7 |  573.0 |
       Dungeon |   3152 |   3044 |    108 |    100 |   2141 |   5 |  630.4 |
         Sewer |    276 |    276 |      0 |      0 |    145 |   1 |  276.0 |
       Ossuary |    583 |    583 |      0 |     46 |      0 |   1 |  583.0 |
               +--------+--------+--------+--------+--------+-----+--------+

Top non-repeatable levels by time:
     D:1: 964 daAuts
     D:4: 755 daAuts
     D:2: 731 daAuts
 Ossuary: 583 daAuts
     D:3: 567 daAuts
   Sewer: 276 daAuts
     D:5: 134 daAuts
